 Dungeon Crawl Stone Soup version 0.24.1-14-gf8d2b509d9 (webtiles) character file.

Game seed: 13034455093167119158, levelgen mode: deterministic

171 nightchill the Skirmisher (level 5, -8/43 HPs)
             Began as a Formicid Abyssal Knight on May 20, 2020.
             Was a Believer of Lugonu.
             Mangled by an orc priest
             ... wielding a +2 falchion of electrocution
              (15 damage)
             ... on level 3 of the Dungeon.
             The game lasted 00:07:28 (3707 turns).

nightchill the Skirmisher (Formicid Abyssal Knight) Turns: 3707, Time: 00:07:29

Health: -8/43      AC:  8    Str: 17    XL:     5   Next: 81%
Magic:  7/7        EV:  7    Int: 12    God:    Lugonu [**....]
Gold:   165        SH:  3    Dex: 10    Spells: 4/4 levels left

rFire    . . .     SeeInvis +   a - +1 hand axe
rCold    . . .     Gourm    .   (no shield)
rNeg     . . .     Faith    .   t - +0 chain mail (curse)
rPois    .         Spirit   .   (helmet unavailable)
rElec    .         Reflect  +   (no cloak)
rCorr    .         Harm     .   (no gloves)
MR       .....                  (no boots)
Stlth    ..........             p - +3 amulet of reflection
HPRegen  0.14/turn              (no ring)
MPRegen  0.10/turn              (no ring)

@: no status effects
A: permanent stasis, dig shafts and tunnels, four strong arms, antennae 3
a: Dig, Shaft Self, Depart the Abyss, Bend Space, Renounce Religion


You were on level 3 of the Dungeon.
You worshipped Lugonu.
Lugonu was pleased with you.
You were hungry.

You visited 1 branch of the dungeon, and saw 4 of its levels.
You visited the Abyss 1 time.

You collected 165 gold pieces.

Inventory:

Hand Weapons
 a - a +1 hand axe (weapon)
 b - a +0 dagger of venom
 i - a +0 hunting sling
Missiles
 d - 23 stones (quivered)
 q - 16 sling bullets
 u - 11 poisoned darts
Armour
 o - a +0 leather armour
 s - a +0 ring mail
 t - a cursed +0 chain mail (worn)
Jewellery
 p - a +3 amulet of reflection (around neck)
 v - an uncursed ring of flight {unknown}
Scrolls
 f - 3 scrolls of noise {unknown}
 g - 2 scrolls of remove curse {unknown}
 h - a scroll of fog {unknown}
 l - 2 scrolls of identify {unknown}
 m - a scroll of teleportation {unknown}
 n - a scroll of fear {unknown}
 r - a scroll of enchant armour {unknown}
Potions
 e - a potion of lignification {unknown}
 j - a potion of haste {unknown}
 k - a potion of mutation {unknown}
Comestibles
 c - 6 rations


   Skills:
 + Level 4.3 Fighting
 * Level 4.1 Axes
 - Level 2.1 Armour
 - Level 0.8 Dodging
 + Level 3.7 Invocations


You had 4 spell levels left.
You didn't know any spells.
Your spell library was empty.

Dungeon Overview and Level Annotations

Branches:
Dungeon (4/15)
 Temple: D:4-7

Altars:


Innate Abilities, Weirdness & Mutations

You cannot be hasted, slowed, berserked, paralysed or teleported.
You can dig through walls and to a lower floor.
Your four strong arms can wield two-handed weapons with a shield.
You have a pair of large antennae on your head. (SInv)


Message History

The orc priest looks braver for a moment.
There is a stone staircase leading up here.
The orc priest calls down the wrath of Beogh upon you.
You struggle to resist.
You climb upwards.
There is a stone staircase leading down here.
You hit the orc priest but do no damage.
The orc priest calls down the wrath of Beogh upon you.
Beogh smites you!
You closely miss the orc priest.
The orc priest hits you but does no damage.
You hit the orc priest but do no damage.
The orc priest hits you with a +2 falchion of electrocution.
You are electrocuted!
* * * LOW HITPOINT WARNING * * *
Okay, then.
You hit the orc priest but do no damage.
The orc priest hits you but does no damage.
You are electrocuted!
You die...

#.......##..(........####..
#.......##.##.#####........
####.#####.##.# #######.#
#รท# #.##.# #.# #.# ##.##.#
#.# #.####...#.# #.#
#..........####### #.#
######..o........#####.#
##@[.######.....<.. ###.#
#######.# #.# #.... #.#
##.### #.# #..# #
#########.# #..###
#.........# #.....
#.######..# #>#### #<#
##...# #.#


You could see an orc priest.

Vanquished Creatures
  A jelly (D:3)
  An orc wizard (D:3)
  5 adders
  2 dart slugs (D:3)
  3 leopard geckos
  2 orcs
  A ball python (D:2)
  7 bats
  5 giant cockroaches
  8 goblins
  11 hobgoblins
  5 frilled lizards
  A kobold (D:2)
  4 rats
56 creatures vanquished.

Notes
Turn   | Place    | Note
-------+----------+-------------------------------------------
     0 | Abyss:1  | nightchill the Formicid Abyssal Knight began the quest for
                  | the Orb.
     0 | Abyss:1  | Reached XP level 1. HP: 18/18 MP: 2/2
    11 | D:1      | Escaped the Abyss
   100 | D:1      | Reached XP level 2. HP: 22/24 MP: 3/3
  1124 | D:1      | Reached XP level 3. HP: 28/29 MP: 3/5
  1901 | D:2      | Reached ** piety under Lugonu
  1901 | D:2      | Reached XP level 4. HP: 36/37 MP: 6/6
  2684 | D:3      | Reached XP level 5. HP: 14/42 MP: 7/7
  3707 | D:3      | Mangled by an orc priest

Levels and vault maps discovered:
D:1:      minmay_arrival_checkered_box, layout_basic
D:2:      layout_basic
D:3:      layout_loops_ring, nrook_campfire
D:4:      layout_basic, chequers_temple_overflow_statue_of_worship,
          minmay_temple_entry_waves, first_ration, st_stairs_6, abandoned_shop,
          okawaru_altar_gauntlet_db

Skill      XL: |  1  2  3  4  5 |
---------------+----------------+-----
Axes           | 3 4 |  4.1
Invocations    | 3 |  3.7
Fighting       | 4 |  4.3
Armour         | |  2.1
Dodging        | |  0.8

Action                   |  1- 3 |  4- 6 || total
-------------------------+-------+-------++-------
Melee: Hand axe          |   100 |    99 ||   199
  Eat: Chunk             |     3 |     5 ||     8
Armor: Leather armour    |    24 |     3 ||    27
       Ring mail         |       |    15 ||    15
       Chain mail        |       |    21 ||    21
Dodge: Dodged            |    55 |    50 ||   105
Block: Other             |       |     7 ||     7
